 Dungeon Crawl Stone Soup version 0.18.1-48-g4cf74bf (webtiles) character file.

371 TuxedoFelix the Shield-Bearer (level 6, 0/52 (53) HPs)
             Began as a Hill Orc Fighter on July 11, 2016.
             Engulfed by a cloud of foul pestilence (2 damage)
             ... on level 4 of the Dungeon.
             The game lasted 00:30:21 (4473 turns).

TuxedoFelix the Shield-Bearer (Hill Orc Fighter)    Turns: 4473, Time: 00:30:22

HP:   0/52 (53)     AC:  8    Str: 26    XL:     6   Next: 70%
MP:   6/6           EV:  9    Int:  8    God:
Gold: 140           SH: 10    Dex: 10    Spells: 0 memorised, 5 levels left

rFire  . . .     SeeInvis .     a - +0 flail
rCold  . . .     Gourm    .     b - +0 scale mail
rNeg   . . .     Faith    .     c - +0 shield
rPois  .         Spirit   .     (no helmet)
rElec  .         Dismiss  .     (no cloak)
rCorr  .         Reflect  .     C - +0 pair of gloves
SustAt .         Harm     .     (no boots)
MR     .....                    (no amulet)
Stlth  ..........               (no ring)
                                (no ring)

@: mighty, lethally poisoned (0 -> -39), slowed, very slow, not resistant to
hostile enchantments, extremely unstealthy
A: no striking features
a: no special abilities


You were on level 4 of the Dungeon.
You were not hungry.

You visited 1 branch of the dungeon, and saw 4 of its levels.

You collected 140 gold pieces.

Inventory:

Hand Weapons
 a - a +0 flail (weapon)
Missiles
 n - 2 tomahawks (quivered)
Armour
 b - a +0 scale mail (worn)
 c - a +0 shield (worn)
 C - a +0 pair of gloves (worn)
Jewellery
 x - an uncursed ring of stealth {unknown}
 y - an uncursed ring of fire {unknown}
Wands
 E - a wand of acid (10/15)
Scrolls
 e - a scroll of recharging {unknown}
 h - a scroll of enchant armour {unknown}
 i - 4 scrolls of remove curse
 k - a scroll of noise {unknown}
 l - 2 scrolls of amnesia {unknown}
 m - a scroll of random uselessness {unknown}
 s - 2 scrolls of fog {unknown}
 B - a scroll of blinking {unknown}
 D - 2 scrolls of teleportation {unknown}
Potions
 d - a potion of magic {unknown}
 o - a potion of flight {unknown}
 p - a potion of resistance {unknown}
 q - 3 potions of haste {unknown}
 r - 2 potions of curing {unknown}
 z - 2 potions of heal wounds
 A - a potion of degeneration {unknown}
Books
 w - Kikubaaqudgha's Compendium of Black Rituals
   (Kikubaaqudgha gifted it to you on level 3 of the Dungeon)

   Spells                             Type                      Level
   a - Animate Skeleton               Necromancy                   1
   b - Corpse Rot                     Necromancy                   2
   c - Sublimation of Blood           Necromancy                   2
   d - Vampiric Draining              Necromancy                   3
   e - Control Undead                 Necromancy                   4
Comestibles
 f - 5 bread rations
 g - a meat ration
 t - a beef jerky
 v - 2 fruits


   Skills:
 + Level 4.6 Fighting
 + Level 3.9 Maces & Flails
 + Level 4.2 Armour
 + Level 2.2 Dodging
 + Level 0.1 Stealth
 + Level 5.1 Shields
 + Level 0.2 Necromancy


You had 5 spell levels left.
You didn't know any spells.

Dungeon Overview and Level Annotations

Branches:
Dungeon (4/15)
 Temple: D:4-7

Altars:
Kikubaaqudgha
Nemelex Xobeh
Okawaru


Message History

You barely miss the elf zombie. The elf zombie completely misses you.
You hear Kikubaaqudgha cackling.
You smell decay.
Your body is wracked with pain!
The dead are walking and flying! 2 skeletons come into view.
You sock the elf zombie!
You are engulfed in dark miasma.
You are poisoned.
You feel your flesh rotting away!
* * * LOW HITPOINT WARNING * * *
x2 You feel sick.
The elf zombie hits you but does no damage. x2
You feel very mighty all of a sudden.
You are engulfed in dark miasma.
You are more poisoned.
You feel yourself slow down.
* * * LOW HITPOINT WARNING * * *
x2 You feel sick.
You closely miss the elf zombie.
You are engulfed in dark miasma.
You are more poisoned.
You feel as though you will be slow longer.
You die...

##.##..#
####'#
#.#
#+#+#.#
+...'.#
###...###
#.'Z..'.#
###Z#+#'#
#.Z@# #.#
##### ###


You could see an elf zombie, a bat skeleton and a goblin skeleton.

Vanquished Creatures
  An elf zombie (D:4)
  An elf skeleton (D:4)
  An orc priest (D:3)
  2 human skeletons (D:4)
  An orc wizard (D:3)
  7 adders
  An adder zombie (D:3)
  3 worms (D:2)
  A dart slug (D:1)
  A giant gecko (D:2)
  7 orcs (D:3)
  3 ball pythons
  4 goblins
  6 hobgoblins
  8 jackals
  3 quokkas
  7 bats
  5 giant newts
  A goblin zombie (D:4)
  6 kobolds
  A kobold zombie (D:4)
  An orc zombie (D:4)
  5 rats
76 creatures vanquished.

Notes
Turn   | Place    | Note
--------------------------------------------------------------
     0 | D:1      | TuxedoFelix the Hill Orc Fighter began the quest for the Orb.
     0 | D:1      | Reached XP level 1. HP: 19/19 MP: 1/1
   367 | D:1      | Reached XP level 2. HP: 27/27 MP: 2/2
   909 | D:1      | Found a sparkling altar of Nemelex Xobeh.
  1555 | D:2      | Reached XP level 3. HP: 9/33 MP: 3/3
  1560 | D:2      | HP: 1/33 [jackal (3)]
  1855 | D:2      | Reached skill level 1 in Dodging
  1903 | D:2      | Reached skill level 4 in Shields
  2142 | D:2      | Reached XP level 4. HP: 34/40 MP: 4/4
  2726 | D:2      | Found an iron altar of Okawaru.
  3118 | D:3      | Reached XP level 5. HP: 43/46 MP: 5/5
  3525 | D:3      | Found a faded altar to an unknown god.
  3546 | D:3      | Became a worshipper of Kikubaaqudgha
  3546 | D:3      | Reached * piety under Kikubaaqudgha
  3546 | D:3      | Received a gift from Kikubaaqudgha
  3559 | D:3      | Identified Kikubaaqudgha's Compendium of Black Rituals (Kikubaaqudgha gifted it to you on level 3 of the Dungeon)
  3793 | D:3      | Fell from the grace of Kikubaaqudgha
  4281 | D:4      | Reached XP level 6. HP: 33/53 MP: 6/6
  4450 | D:4      | Reached skill level 5 in Shields
  4472 | D:4      | HP: 2/52 [poison (dark miasma)]
  4473 | D:4      | Engulfed by a cloud of foul pestilence

Skill      XL: |  1  2  3  4  5  6 |
---------------+-------------------+-----
Fighting       | 4 |  4.6
Dodging        | 1 2 |  2.2
Shields        | 4 5 |  5.1
Armour         | 4 |  4.2
Maces & Flails | 3 |  3.9
Stealth        | |  0.1
Necromancy     | |  0.2

Action                   |  1- 3 |  4- 6 || total
-------------------------+-------+-------++-------
Melee: Flail             |   108 |   232 ||   340
Invok: Receive Corpses   |       |     1 ||     1
       Renounce Religion |       |     1 ||     1
  Use: Potion            |     4 |     1 ||     5
       Scroll            |       |     1 ||     1
  Eat: Meat ration       |     1 |     2 ||     3
Armor: Scale mail        |    95 |   120 ||   215
Dodge: Dodged            |    44 |    63 ||   107
Block: Shield            |    93 |   111 ||   204
